SA
WASHINGTON GENERALS @ ATHLETIC CLUB KC U-21
08/17/2029
 
TOP OF THE 1ST
Washington Generals batting - Pitching for Athletic Club KC U-21 : RHP Lester Roadley
Pitching: RHP Lester Roadley
Batting: RHB Júlio Rodríguez 0-0: Called Strike
0-1: Ball
1-1: Fly out, F9 (Line Drive, 89D)
Batting: RHB Bill Perkins 0-0: Foul Ball, location: 2F
0-1: Ball
1-1: Ball
2-1: Ball
3-1: DOUBLE (Line Drive, 7LD)
Batting: RHB Ricardo Sandoval 0-0: Ground out 6-3 (Groundball, 6)
Batting: RHB Daryl Yandell 0-0: Ball
1-0: Ball
2-0: Foul Ball, location: 2F
2-1: Ball
3-1: Base on Balls
Batting: RHB Alonso Vielma 0-0: Ball
1-0: Ball
2-0: Ball
3-0: Called Strike
3-1: Base on Balls
Bill Perkins to third
Daryl Yandell to second
Batting: RHB Michael Palledorous 0-0: Foul Ball, location: 2F
0-1: Swinging Strike
0-2: Strikes out looking
Top of the 1st over - 0 runs, 1 hit, 0 errors, 3 left on base; Washington 0 - Athletic Club KC 0
BOTTOM OF THE 1ST
Athletic Club KC U-21 batting - Pitching for Washington Generals : RHP Phillip Donoghue
Pitching: RHP Phillip Donoghue
Batting: LHB Pablo Hernández 0-0: Foul Ball, location: 2F
0-1: Ball
1-1: Foul Ball, location: 2F
1-2: Strikes out swinging
Batting: RHB Leonardo Hernández 0-0: Called Strike
0-1: Ball
1-1: Called Strike
1-2: Strikes out swinging
Batting: LHB José Antonio Mireles 0-0: Ball
1-0: Called Strike
1-1: Ball
2-1: SINGLE (Groundball, 2R) (infield hit)
Batting: LHB Miguel Vásquez 0-0: Ball
1-0: Swinging Strike
1-1: Swinging Strike
1-2: Strikes out looking
Bottom of the 1st over - 0 runs, 1 hit, 0 errors, 1 left on base; Washington 0 - Athletic Club KC 0
TOP OF THE 2ND
Washington Generals batting - Pitching for Athletic Club KC U-21 : RHP Lester Roadley
Batting: RHB Mike Lipide 0-0: Ball
1-0: Fly out, F9 (Line Drive, 89M)
Batting: RHB Alan Patterson 0-0: Fly out, F6 (Line Drive, 6)
Batting: RHB Dan Vanblarcom 0-0: Ball
1-0: Ground out 1-3 (Groundball, 15)
Top of the 2nd over - 0 runs, 0 hits, 0 errors, 0 left on base; Washington 0 - Athletic Club KC 0
BOTTOM OF THE 2ND
Athletic Club KC U-21 batting - Pitching for Washington Generals : RHP Phillip Donoghue
Batting: RHB José Hernández 0-0: Ball
1-0: Ground out 4-3 (Groundball, 4)
Batting: SHB Martín Gonzáles 0-0: Ball
1-0: Ball
2-0: Ball
3-0: Called Strike
3-1: Base on Balls
Batting: RHB Ted Hansen 0-0: Ball
1-0: Ball
2-0: Ball
3-0: Base on Balls
Martín Gonzáles to second
Batting: RHB Francisco Vigil 0-0: Called Strike
0-1: Ball
1-1: Ball
2-1: Ground out 5-3 (Groundball, 56S)
Martín Gonzáles to third
Ted Hansen to second
Batting: RHB Bing-zhong Wu 0-0: Ball
1-0: Ball
2-0: Called Strike
2-1: Called Strike
2-2: Strikes out swinging
Bottom of the 2nd over - 0 runs, 0 hits, 0 errors, 2 left on base; Washington 0 - Athletic Club KC 0
TOP OF THE 3RD
Washington Generals batting - Pitching for Athletic Club KC U-21 : RHP Lester Roadley
Batting: RHB Júlio Rodríguez 0-0: Ball
1-0: Ball
2-0: Called Strike
2-1: Foul Ball, location: 2F
2-2: Foul Ball, location: 2F
2-2: SINGLE (Groundball, 6MD)
Batting: RHB Bill Perkins 0-0: Swinging Strike
0-1: Foul Ball, location: 2F
0-2: Ball
1-2: SINGLE (Line Drive, 6MD)
Júlio Rodríguez to second
Runner from 2nd tries for 3rd, SAFE, throw made to third
Batting: RHB Ricardo Sandoval 0-0: Ball
1-0: Ball
2-0: Ball
3-0: Called Strike
3-1: Fly out, F9 (Flyball, 9D)
Runner from 3rd tags up, OUT at HOME
Bill Perkins to second
Batting: RHB Daryl Yandell 0-0: Ground out 6-3 (Groundball, 6)
Top of the 3rd over - 0 runs, 2 hits, 0 errors, 1 left on base; Washington 0 - Athletic Club KC 0
BOTTOM OF THE 3RD
Athletic Club KC U-21 batting - Pitching for Washington Generals : RHP Phillip Donoghue
Batting: LHB Pablo Hernández 0-0: Called Strike
0-1: Ball
1-1: SINGLE (Line Drive, 56D)
Batting: RHB Leonardo Hernández 0-0: Ball
Pablo Hernández steals 2nd base
1-0: Called Strike
1-1: SINGLE (Groundball, 56S) (infield hit)
Pablo Hernández to third
Batting: LHB José Antonio Mireles 0-0: Ball
1-0: Ball
2-0: Called Strike
2-1: Called Strike
2-2: Foul Ball, location: 2F
2-2: Grounds into double play, 4-6-3 (Groundball, 4)
Pablo Hernández scores
Batting: LHB Miguel Vásquez 0-0: Foul Ball, location: 2F
0-1: Foul Ball, location: 2F
0-2: Foul Ball, location: 2F
0-2: SINGLE (Groundball, 15S) (infield hit)
Batting: RHB José Hernández 0-0: Called Strike
0-1: Ground out U3 (Groundball, 3)
Bottom of the 3rd over - 1 run, 3 hits, 0 errors, 1 left on base; Washington 0 - Athletic Club KC 1
TOP OF THE 4TH
Washington Generals batting - Pitching for Athletic Club KC U-21 : RHP Lester Roadley
Batting: RHB Alonso Vielma 0-0: Swinging Strike
0-1: Called Strike
0-2: Ball
1-2: Foul Ball, location: 2F
1-2: Foul Ball, location: 2F
1-2: Foul Ball, location: 2F
1-2: Ball
2-2: Strikes out looking
Batting: RHB Michael Palledorous 0-0: Foul Ball, location: 2F
0-1: Foul Ball, location: 2F
0-2: Strikes out looking
Batting: RHB Mike Lipide 0-0: Ball
1-0: Called Strike
1-1: Foul Ball, location: 2F
1-2: Ball
2-2: Ball
3-2: Base on Balls
Batting: RHB Alan Patterson 0-0: Called Strike
0-1: Ball
1-1: Called Strike
1-2: Strikes out swinging
Top of the 4th over - 0 runs, 0 hits, 0 errors, 1 left on base; Washington 0 - Athletic Club KC 1
BOTTOM OF THE 4TH
Athletic Club KC U-21 batting - Pitching for Washington Generals : RHP Phillip Donoghue
Batting: SHB Martín Gonzáles 0-0: Called Strike
0-1: Ball
1-1: Called Strike
1-2: Strikes out swinging
Batting: RHB Ted Hansen 0-0: Ball
1-0: Foul Ball, location: 2F
1-1: SINGLE (Groundball, 34S) (infield hit)
Batting: RHB Francisco Vigil 0-0: Ball
Passed Ball!
Ted Hansen to second
1-0: Ball
2-0: Called Strike
2-1: Foul Ball, location: 2F
2-2: Foul Ball, location: 2F
2-2: Fly out, F8 (Flyball, 8RXD)
Runner from 2nd tags up, SAFE at 3rd, no throw
Batting: RHB Bing-zhong Wu 0-0: Ground out U3 (Groundball, 34S)
Bottom of the 4th over - 0 runs, 1 hit, 0 errors, 1 left on base; Washington 0 - Athletic Club KC 1
TOP OF THE 5TH
Washington Generals batting - Pitching for Athletic Club KC U-21 : RHP Lester Roadley
Batting: RHB Dan Vanblarcom 0-0: Called Strike
0-1: Called Strike
0-2: Ball
1-2: Strikes out swinging
Batting: RHB Júlio Rodríguez 0-0: Called Strike
0-1: Swinging Strike
0-2: Strikes out swinging
Batting: RHB Bill Perkins 0-0: Swinging Strike
0-1: Called Strike
0-2: Ball
1-2: Strikes out looking
Top of the 5th over - 0 runs, 0 hits, 0 errors, 0 left on base; Washington 0 - Athletic Club KC 1
BOTTOM OF THE 5TH
Athletic Club KC U-21 batting - Pitching for Washington Generals : RHP Phillip Donoghue
Batting: LHB Pablo Hernández 0-0: Called Strike
0-1: Swinging Strike
0-2: Foul Ball, location: 2F
0-2: Ball
1-2: Ball
2-2: Strikes out swinging
Batting: RHB Leonardo Hernández 0-0: Ball
1-0: Called Strike
1-1: Swinging Strike
1-2: Foul Ball, location: 2F
1-2: Ball
2-2: Ball
3-2: Strikes out swinging
Batting: LHB José Antonio Mireles 0-0: Ball
1-0: Ball
2-0: Fly out, F8 (Flyball, 8LD)
Bottom of the 5th over - 0 runs, 0 hits, 0 errors, 0 left on base; Washington 0 - Athletic Club KC 1
TOP OF THE 6TH
Washington Generals batting - Pitching for Athletic Club KC U-21 : RHP Lester Roadley
Batting: RHB Ricardo Sandoval 0-0: Swinging Strike
0-1: Foul Ball, location: 2F
0-2: Ball
1-2: Ball
2-2: Ground out 6-3 (Groundball, 6S)
Batting: RHB Daryl Yandell 0-0: Swinging Strike
0-1: Ground out 5-3 (Groundball, 56)
Batting: RHB Alonso Vielma 0-0: Foul Ball, location: 2F
0-1: Ball
1-1: Called Strike
1-2: Strikes out swinging
Top of the 6th over - 0 runs, 0 hits, 0 errors, 0 left on base; Washington 0 - Athletic Club KC 1
BOTTOM OF THE 6TH
Athletic Club KC U-21 batting - Pitching for Washington Generals : RHP Phillip Donoghue
Batting: LHB Miguel Vásquez 0-0: Called Strike
0-1: Ball
1-1: Called Strike
1-2: Ball
2-2: Foul Ball, location: 2F
2-2: Foul Ball, location: 2F
2-2: Foul Ball, location: 2F
2-2: Ball
3-2: Foul Ball, location: 2F
3-2: Base on Balls
Batting: RHB José Hernández 0-0: Ball
1-0: Swinging Strike
Pickoff Throw to First - Out!
1-1: Ground out 1-3 (Groundball, 13S)
Batting: SHB Martín Gonzáles 0-0: Ball
1-0: Ball
2-0: DOUBLE (Line Drive, 5D)
Batting: RHB Ted Hansen 0-0: Ball
1-0: SINGLE (Groundball, 56D)
Martín Gonzáles to third
Runner from 3rd tries for Home, SAFE, no throw
Batting: RHB Francisco Vigil 0-0: Fly out, F7 (Flyball, 7D)
Bottom of the 6th over - 1 run, 2 hits, 0 errors, 1 left on base; Washington 0 - Athletic Club KC 2
TOP OF THE 7TH
Washington Generals batting - Pitching for Athletic Club KC U-21 : RHP Lester Roadley
Pitching: RHP Ánibal Acejedo
Batting: RHB Michael Palledorous 0-0: Ball
1-0: Foul Ball, location: 2F
1-1: Fly out, F8 (Line Drive, 8RD)
Batting: RHB Mike Lipide 0-0: Foul Ball, location: 2F
0-1: DOUBLE (Line Drive, 78D)
Batting: RHB Alan Patterson 0-0: Ball
1-0: Ball
2-0: Called Strike
2-1: Swinging Strike
2-2: Ground out 5-3 (Groundball, 56S)
Mike Lipide to third
Batting: RHB Dan Vanblarcom 0-0: SINGLE (Line Drive, 78S)
Mike Lipide scores
Pinch Hitting: LHB Keizo Morishita 0-0: Ground out U3 (Groundball, 3)
Top of the 7th over - 1 run, 2 hits, 0 errors, 1 left on base; Washington 1 - Athletic Club KC 2
BOTTOM OF THE 7TH
Athletic Club KC U-21 batting - Pitching for Washington Generals : RHP Phillip Donoghue
Now at SS: Stan Wheeler
Batting: RHB Bing-zhong Wu 0-0: Ball
1-0: Ball
2-0: Called Strike
2-1: Ball
3-1: Ground out 6-3 (Groundball, 6)
Batting: LHB Pablo Hernández 0-0: Ball
1-0: Foul Ball, location: 2F
1-1: Ball
2-1: Fly out, F7 (Flyball, 78D)
Batting: RHB Leonardo Hernández 0-0: Ground out 4-3 (Groundball, 4)
Bottom of the 7th over - 0 runs, 0 hits, 0 errors, 0 left on base; Washington 1 - Athletic Club KC 2
TOP OF THE 8TH
Washington Generals batting - Pitching for Athletic Club KC U-21 : RHP Ánibal Acejedo
Now in LF: José Torres
Batting: RHB Bill Perkins 0-0: Ball
1-0: Foul Ball, location: 2F
1-1: Ball
2-1: Called Strike
2-2: Strikes out swinging
Batting: RHB Ricardo Sandoval 0-0: Foul Ball, location: 2F
0-1: Called Strike
0-2: Strikes out swinging
Batting: RHB Daryl Yandell 0-0: Called Strike
0-1: Foul Ball, location: 2F
0-2: Strikes out swinging
Top of the 8th over - 0 runs, 0 hits, 0 errors, 0 left on base; Washington 1 - Athletic Club KC 2
BOTTOM OF THE 8TH
Athletic Club KC U-21 batting - Pitching for Washington Generals : RHP Phillip Donoghue
Pitching: RHP Augusto Morín
Batting: LHB José Antonio Mireles 0-0: Ball
1-0: Ball
2-0: Ball
3-0: Base on Balls
Batting: LHB Miguel Vásquez 0-0: Ball
José Antonio Mireles steals 2nd base
1-0: Intentional Walk
Batting: RHB José Hernández 0-0: Fielders Choice at 2nd, 1-6 (Groundball, 13)
José Antonio Mireles to third
Batting: SHB Martín Gonzáles 0-0: Ball
1-0: Foul Ball, location: 2F
1-1: Foul Ball, location: 2F
1-2: Strikes out looking
Batting: RHB Ted Hansen 0-0: Called Strike
0-1: 3-RUN HOME RUN (Flyball, 9D), Distance : 403 ft
Pitching: RHP Álex Hernández
Batting: RHB Francisco Vigil 0-0: Fly out, F3 (Popup, 3S)
Bottom of the 8th over - 3 runs, 1 hit, 0 errors, 0 left on base; Washington 1 - Athletic Club KC 5
TOP OF THE 9TH
Washington Generals batting - Pitching for Athletic Club KC U-21 : RHP Ánibal Acejedo
Batting: RHB Alonso Vielma 0-0: Ball
1-0: Ball
2-0: Foul Ball, location: 2F
2-1: Fly out, F4 (Flyball, 4D)
Batting: RHB Michael Palledorous 0-0: Ball
1-0: Called Strike
1-1: Fly out, F9 (Flyball, 9LMF)
Batting: RHB Mike Lipide 0-0: Swinging Strike
0-1: Swinging Strike
0-2: Foul Ball, location: 2F
0-2: Strikes out looking
Top of the 9th over - 0 runs, 0 hits, 0 errors, 0 left on base; Washington 1 - Athletic Club KC 5
Tuesday, December 19th, 2017 - OOTP Baseball 18.8 Build 76